 Dungeon Crawl Stone Soup version 0.31.0-9-g3a7656b989 (webtiles) character file.

Game seed: 15851353761333797707

1124 qw the Nimble (level 8, -1/39 HPs)
             Began as a Spriggan Hunter on Feb 2, 2024.
             Was a Follower of Okawaru.
             Slain by a yak (5 damage)
             ... on level 5 of the Dungeon.
             The game lasted 00:00:25 (3912 turns).

qw the Nimble (Spriggan Hunter)                     Turns: 3912, Time: 00:00:25

Health: -1/39      AC:  4    Str:  7    XL:     8   Next: 13%
Magic:  10/10      EV: 23    Int: 11    God:    Okawaru [*.....]
Gold:   321        SH:  0    Dex: 20    Spells: 7/7 levels left

rFire   + . .        c - +0 orcbow
rCold   + . .        (shield currently unavailable)
rNeg    . . .        d - +2 robe
rPois   .            (helmet restricted)
rElec   .            (no cloak)
rCorr   .            (gloves unavailable)
SInv    +            (boots unavailable)
Will    +....        (no amulet)
Stlth   ++           e - ring of protection from fire
HPRegen 0.26/turn    g - ring of protection from cold
MPRegen 0.12/turn

%: no passive effects
@: about to teleport, very quick
A: very small, no large weapons, unfitting armour, see invisible, speed 3
a: Renounce Religion, Heroism


You were on level 5 of the Dungeon.
You worshipped Okawaru.
Okawaru was aware of your devotion.
You visited 2 branches of the dungeon, and saw 6 of its levels.
You also visited: Sewer.

You collected 321 gold pieces.


Innate Abilities, Weirdness & Mutations

You are very small and have problems with some larger weapons.
You are too small for most types of armour.
You have supernaturally acute eyesight. (SInv)
You cover ground extremely quickly. (Speed+++)


   Skills:
 + Level 2.2 Fighting
 - Level 8.0 Ranged Weapons
 - Level 8.0 Dodging
 - Level 1.5 Stealth
 + Level 2.2 Invocations


You had 7 spell levels left.
You didn't know any spells.
Your spell library was empty.

Inventory:

Hand Weapons
 c - a +0 orcbow (weapon)
Armour
 d - a +2 robe (worn)
Jewellery
 a - an amulet of regeneration
 e - a ring of protection from fire (left hand)
 g - a ring of protection from cold (right hand)
 m - a ring of ice
Wands
 k - a wand of iceblast (1)
Scrolls
 f - 2 scrolls of enchant armour
Potions
 b - 3 potions of resistance
 h - a potion of heal wounds
 i - a potion of curing
 l - a potion of might
 n - a potion of mutation {unknown}

Dungeon Overview and Level Annotations

Branches:
Dungeon (5/15)             Temple (1/1) D:4           Sewer (visited)

Altars:
Ashenzari
Cheibriados
Elyvilon
Kikubaaqudgha
Makhleb
Nemelex Xobeh
Okawaru
Qazlal
Ru
Sif Muna
Trog
Uskayaw
Vehumet
Xom
Yredelemnul
Zin

Annotations:
D:4 exclusion: dart slug


Message History

An orc warrior comes into view. It is wielding a +0 short sword.
Enter note:
Enter note: You shoot an arrow.
The orc warrior shouts!
The arrow hits the yak.
The yak is moderately wounded.
The gnoll closely misses you. The yak gores you!
You shoot an arrow. The arrow hits the yak.
The yak is heavily wounded.
You hear an angry hiss.
The yak misses you. The gnoll barely misses you.
You shoot an arrow. The arrow closely misses the yak.
The gnoll hits you from afar with a +0 spear.
The yak barely misses you.
You shoot an arrow.
The arrow hits the yak but does no damage.
The yak is heavily wounded.
An ogre comes into view. It is wielding a +0 giant club.
The yak gores you but does no damage. The gnoll closely misses you.
You shoot an arrow. The ogre shouts!
The arrow hits the yak.
The yak is heavily wounded.
The yak completely misses you. The gnoll barely misses you.
You shoot an arrow. The arrow closely misses the yak.
The gnoll completely misses you. The yak barely misses you.
You shoot an arrow.
The arrow hits the yak but does no damage.
The yak is heavily wounded.
The yak completely misses you. The gnoll completely misses you.
You shoot an arrow. The arrow hits the yak!
The yak is almost dead.
The yak completely misses you. The gnoll barely misses you. The yak gores you!
The gnoll hits you from afar with a +0 spear.
3912 ||| READING scroll of teleportation.
As you read the scroll of teleportation, it crumbles to dust.
You feel strangely unstable. The gnoll hits you but does no damage.
The yak gores you.
You die...

#.##.#####)#..#
#
#.##..........#
#
#.####......<.#
# #.#
#.###.#..####
#.# #.#
#.#...... #.#
#.# #.#.#####
#.# #.# #.#.# #
#.####.#...#.#
#@.........#.#
##Y###.#.#.#.#
g# #.# gg #.#
##O #.# #. ..
..


You could see a yak, an ogre and 3 gnolls.

Vanquished Creatures
  Sigmund (D:4)
  A crocodile (Sewer)
  A centaur (D:5)
  A brain worm (Sewer)
  A scorpion (D:5)
  3 bombardier beetles
  A jelly (D:5)
  3 hounds
  2 orc priests (D:3)
  Jessica (D:3)
  An iguana (D:4)
  5 orc wizards
  A sleepcap (D:3)
  5 adders
  A white imp (D:5)
  3 ribbon worms
  14 dart slugs
  12 orcs
  6 bats
  7 endoplasms
  3 giant cockroaches
  14 hobgoblins
  3 jackals (D:1)
  6 quokkas
  4 ball pythons
  4 frilled lizards
  8 goblins
  9 kobolds
  3 rats
124 creatures vanquished.

Notes
Turn   | Place    | Note
-------+----------+-------------------------------------------
     0 | D:1      | qw the Spriggan Hunter began the quest for the Orb.
     0 | D:1      | Reached XP level 1. HP: 10/10 MP: 2/2
     0 | D:1      | 0 ||| qw: Version: 0.3-a-155-g5e7d8dd
     0 | D:1      | 0 ||| qw: Game counter: 2118
     0 | D:1      | 0 ||| qw: Melee chars always use a shield: true
     0 | D:1      | 0 ||| qw: God list: Okawaru
     0 | D:1      | 0 ||| qw: Allow faded altars: false
     0 | D:1      | 0 ||| qw: Do Orc after clearing Dungeon:15 true
     0 | D:1      | 0 ||| qw: Do second Lair branch before Depths: true
     0 | D:1      | 0 ||| qw: Lair rune preference: random
     0 | D:1      | 0 ||| qw: Goals: Normal
     0 | D:1      | 0 ||| PLANNING D:1-11
   129 | D:1      | Reached skill level 3 in Dodging
   174 | D:1      | Reached XP level 2. HP: 14/14 MP: 3/3
   347 | D:1      | Reached XP level 3. HP: 18/18 MP: 4/4
   669 | D:1      | 669 ||| READING scroll labelled INUIBL RI IDO.
   672 | D:1      | 672 ||| READING 2 scrolls labelled WIKKYA HOEGO.
   672 | D:1      | 672 ||| IDENTIFYING red potion
   673 | D:1      | 673 ||| READING scroll of identify.
   673 | D:1      | 673 ||| IDENTIFYING black potion
   674 | D:1      | 674 ||| READING scroll labelled CITENT MUYXZY.
   675 | D:1      | 675 ||| READING scroll labelled QOAMAHABRI.
   675 | D:1      | 675 ||| ENCHANTING +0 shortbow.
   676 | D:1      | 676 ||| READING scroll labelled KITHRU YVUMI.
   676 | D:1      | 676 ||| ENCHANTING +0 shortbow.
   677 | D:1      | 677 ||| READING scroll labelled ONEGEZ MOWAE.
   678 | D:1      | 678 ||| DRINKING 2 puce potions.
   782 | D:1      | 782 ||| DRINKING 2 clear potions.
   783 | D:1      | 783 ||| DROPPING scroll of butterflies.
   784 | D:1      | 784 ||| DROPPING potion of berserk rage.
  1473 | D:2      | Reached XP level 4. HP: 18/22 MP: 5/5
  1505 | D:2      | 1505 ||| UPGRADING to ring of protection from fire.
  1506 | D:2      | 1506 ||| READING scroll labelled ONETWI FOANIAD.
  1555 | D:3      | 1555 ||| PLANNING SEWER
  1561 | D:3      | 1561 ||| STAIRDANCE
  1591 | D:3      | 1591 ||| STAIRDANCE
  1600 | D:3      | 1600 ||| STAIRDANCE
  1616 | D:3      | 1616 ||| STAIRDANCE
  1766 | D:3      | 1766 ||| FLEEEEING.
  1767 | D:3      | 1767 ||| FLEEEEING.
  1768 | D:3      | 1768 ||| FLEEEEING.
  1769 | D:3      | 1769 ||| FLEEEEING.
  1771 | D:3      | 1771 ||| FLEEEEING.
  1772 | D:3      | 1772 ||| FLEEEEING.
  1774 | D:3      | 1774 ||| FLEEEEING.
  1777 | D:3      | 1777 ||| FLEEEEING.
  1778 | D:3      | 1778 ||| FLEEEEING.
  1786 | D:3      | Reached XP level 5. HP: 24/26 MP: 6/6
  1879 | D:3      | Found a glowing drain.
  1880 | D:3      | 1880 ||| READING scroll labelled IZITUH KOISUDA.
  1929 | D:3      | 1929 ||| READING scroll labelled BEILOCL LERGH.
  1931 | D:3      | 1931 ||| Stepping ~*~*~tactically~*~*~ (cloud).
  2025 | Sewer    | Entered a sewer
  2056 | Sewer    | Noticed a crocodile
  2064 | Sewer    | Killed a crocodile
  2065 | Sewer    | Reached skill level 6 in Ranged Weapons
  2065 | Sewer    | Reached XP level 6. HP: 25/30 MP: 7/7
  2122 | D:3      | 2122 ||| PLANNING D:1-11
  2246 | D:3      | 2246 ||| FLEEEEING.
  2249 | D:3      | 2249 ||| FLEEEEING.
  2250 | D:3      | 2250 ||| FLEEEEING.
  2251 | D:3      | 2251 ||| FLEEEEING.
  2252 | D:3      | 2252 ||| STAIRDANCE
  2263 | D:2      | 2263 ||| UPGRADING to ring of protection from cold.
  2269 | D:3      | 2269 ||| STAIRDANCE
  2300 | D:3      | 2300 ||| STAIRDANCE
  2436 | D:3      | Found a shimmering altar of Xom.
  2471 | D:3      | Reached skill level 6 in Dodging
  2489 | D:3      | 2489 ||| FLEEEEING.
  2491 | D:3      | 2491 ||| FLEEEEING.
  2492 | D:3      | 2492 ||| FLEEEEING.
  2493 | D:3      | 2493 ||| FLEEEEING.
  2494 | D:3      | 2494 ||| FLEEEEING.
  2495 | D:3      | 2495 ||| FLEEEEING.
  2496 | D:3      | 2496 ||| FLEEEEING.
  2497 | D:3      | 2497 ||| FLEEEEING.
  2498 | D:3      | 2498 ||| FLEEEEING.
  2499 | D:3      | 2499 ||| FLEEEEING.
  2500 | D:3      | 2500 ||| FLEEEEING.
  2501 | D:3      | 2501 ||| FLEEEEING.
  2502 | D:3      | 2502 ||| FLEEEEING.
  2503 | D:3      | 2503 ||| FLEEEEING.
  2505 | D:3      | 2505 ||| FLEEEEING.
  2506 | D:3      | 2506 ||| FLEEEEING.
  2508 | D:3      | 2508 ||| FLEEEEING.
  2509 | D:3      | 2509 ||| FLEEEEING.
  2519 | D:3      | 2519 ||| FLEEEEING.
  2520 | D:3      | 2520 ||| FLEEEEING.
  2521 | D:3      | 2521 ||| FLEEEEING.
  2522 | D:3      | 2522 ||| FLEEEEING.
  2523 | D:3      | 2523 ||| FLEEEEING.
  2524 | D:3      | 2524 ||| FLEEEEING.
  2525 | D:3      | 2525 ||| FLEEEEING.
  2530 | D:3      | 2530 ||| FLEEEEING.
  2531 | D:3      | 2531 ||| FLEEEEING.
  2532 | D:3      | 2532 ||| FLEEEEING.
  2533 | D:3      | 2533 ||| FLEEEEING.
  2534 | D:3      | 2534 ||| FLEEEEING.
  2535 | D:3      | 2535 ||| FLEEEEING.
  2536 | D:3      | 2536 ||| FLEEEEING.
  2537 | D:3      | 2537 ||| FLEEEEING.
  2538 | D:3      | 2538 ||| FLEEEEING.
  2539 | D:3      | 2539 ||| FLEEEEING.
  2543 | D:3      | 2543 ||| FLEEEEING.
  2544 | D:3      | 2544 ||| FLEEEEING.
  2671 | D:3      | Noticed Jessica
  2672 | D:3      | Killed Jessica
  2678 | D:3      | Found a shimmering blue altar of Sif Muna.
  2817 | D:3      | 2817 ||| READING 2 scrolls of identify.
  2817 | D:3      | 2817 ||| IDENTIFYING 2 fizzy purple potions
  2818 | D:3      | 2818 ||| DROPPING 2 potions of attraction.
  2899 | D:4      | Reached XP level 7. HP: 27/35 MP: 8/8
  3011 | D:4      | Found a staircase to the Ecumenical Temple.
  3012 | D:4      | 3012 ||| PLANNING TEMPLE
  3012 | D:4      | 3012 ||| READING scroll of identify.
  3012 | D:4      | 3012 ||| IDENTIFYING golden potion
  3022 | Temple   | Entered the Ecumenical Temple
  3023 | Temple   | 3023 ||| PLANNING OKAWARU WORSHIP
  3037 | Temple   | Became a worshipper of Warmaster Okawaru
  3038 | Temple   | 3038 ||| PLANNING D:1-11
  3079 | D:4      | Noticed Sigmund
  3080 | D:4      | 3080 ||| DRINKING potion of haste.
  3089 | D:4      | Killed Sigmund
  3213 | D:4      | HP: 8/35 [orc wizard/+0 dagger (2)]
  3214 | D:4      | 3214 ||| DRINKING 2 potions of heal wounds.
  3531 | D:4      | 3531 ||| UPGRADING to +2 robe.
  3541 | D:4      | 3541 ||| DROPPING +0 robe.
  3542 | D:4      | 3542 ||| READING scroll labelled XIRUUFOURPH.
  3542 | D:4      | 3542 ||| BRANDING +1 shortbow.
  3563 | D:5      | Entered Level 5 of the Dungeon
  3566 | D:5      | Reached * piety under Okawaru
  3604 | D:5      | Found a bloodstained altar of Trog.
  3686 | D:5      | Reached skill level 1 in Invocations
  3686 | D:5      | Reached XP level 8. HP: 30/39 MP: 8/10
  3768 | D:5      | 3768 ||| SWAPPING to +0 orcbow.
  3769 | D:5      | 3769 ||| DROPPING +1 shortbow of chaos.
  3911 | D:5      | HP: 8/39 [yak (10)]
  3912 | D:5      | 3912 ||| READING scroll of teleportation.
  3912 | D:5      | Slain by a yak

Levels and vault maps discovered:
D:1:      psy_arrival_conway, layout_loops_ring, minmay_misc_feat_roman,
          minmay_misc_feat_iff
D:2:      layout_basic, minmay_misc_feat_tiny
D:3:      layout_basic, tgw_sif, brannock_xom_greatest_gift,
          portal_sewer_entry_b, kennysheep_generic_room_15
D:4:      kennysheep_slugbush, layout_cave_pools, temple_pool_b,
          chequers_serial_rivers_small_b, uniq_sigmund
D:5:      layout_loops_ring, mainiacjoe_overflow_alcove_1,
          mainiacjoe_overflow_concentric_impassable, minmay_manual_mess
Temple:   cyrus_circular_temple

Skill      XL: |  1  2  3  4  5  6  7  8 |
---------------+-------------------------+-----
Dodging        | 3 4 5 6 8 |  8.0
Ranged Weapons | 5 6 7 8 |  8.0
Fighting       | 2 |  2.2
Invocations    | 1 2 |  2.2
Stealth        | |  1.5

Action                     |  1- 3 |  4- 6 |  7- 9 || total
---------------------------+-------+-------+-------++-------
   Fire: Shortbow          |    91 |   149 |   103 ||   343
         Orcbow            |       |       |    29 ||    29
    Use: Scroll            |     7 |     4 |     3 ||    14
         Potion            |     2 |       |     2 ||     4
 Armour: Robe              |     3 |    17 |    24 ||    44
  Dodge: Dodged            |    17 |    47 |    90 ||   154

Table legend:
 A = Non-vault XP
 B = Vault XP
 C = Vault XP percentage of total XP
 D = Non-vault monster count
 E = Vault monster count
 F = Vault count percentage of total count
                 A         B        C        D         E       F
            +---------+---------+-------+---------+---------+-------
      Total |    1078 |     529 |  32.9 |     102 |      22 |  17.7
            +---------+---------+-------+---------+---------+-------
        D:1 |      47 |       0 |   0.0 |      27 |       0 |   0.0
        D:2 |     104 |       0 |   0.0 |      14 |       0 |   0.0
        D:3 |     285 |      58 |  16.9 |      31 |       5 |  13.9
        D:4 |     274 |     254 |  48.1 |      21 |      11 |  34.4
        D:5 |     368 |       0 |   0.0 |       9 |       0 |   0.0
      Sewer |       0 |     217 | 100.0 |       0 |       6 | 100.0
            +---------+---------+-------+---------+---------+-------
